 Dungeon Crawl Stone Soup version 0.20-a0-910-gb611367 (webtiles) character file.

6001 Zenonira the Cruncher (level 11, -2/81 HPs)
             Began as a Formicid Fighter on Mar 24, 2017.
             Was a Priest of Cheibriados.
             Slain by a six-headed hydra (8 damage)
             ... on level 10 of the Dungeon.
             The game lasted 00:23:13 (8877 turns).

Zenonira the Cruncher (Formicid Fighter)            Turns: 8877, Time: 00:23:14

Health: -2/81      AC: 12    Str: 29    XL:     11   Next: 10%
Magic:  0/15       EV:  8    Int: 16    God:    Cheibriados [***...]
Gold:   485        SH: 13    Dex: 23    Spells: 10/10 levels left

rFire    . . .     SeeInvis +   a - +1 quarterstaff
rCold    + . .     Gourm    .   k - +0 chain mail
rNeg     . . .     Faith    .   c - +0 shield
rPois    .         Spirit   +   (helmet unavailable)
rElec    .         Reflect  .   (no cloak)
rCorr    .         Harm     .   J - +1 pair of gloves
MR       +....                  o - +0 pair of boots
Stlth    ..........             F - amulet of guardian spirit (curse)
Regen    0.3/turn               E - ring of protection from cold
MPRegen  0.2/turn               v - +2 ring of dexterity

@: very slow
A: permanent stasis, dig shafts and tunnels, four strong arms, antennae 3
a: Dig, Shaft Self, Bend Time, Temporal Distortion, Renounce Religion


You were on level 10 of the Dungeon.
You worshipped Cheibriados.
Cheibriados was most pleased with you.
You were hungry.

You visited 2 branches of the dungeon, and saw 11 of its levels.
You also visited: Ossuary.

You collected 485 gold pieces.

Inventory:

Hand Weapons
 a - a +1 quarterstaff (weapon)
Armour
 b - a +0 scale mail
 c - a +0 shield (worn)
 k - a +0 chain mail (worn)
 o - a +0 pair of boots (worn)
 y - a +0 pair of gloves
 J - a +1 pair of gloves (worn)
Jewellery
 v - a +2 ring of dexterity (left hand)
 E - a ring of protection from cold (right hand)
 F - a cursed amulet of guardian spirit (around neck)
Wands
 s - a wand of lightning (0/15)
 C - a wand of iceblast (10/15)
Scrolls
 e - 2 scrolls of immolation
 g - 8 scrolls of identify
 h - 2 scrolls of magic mapping
 i - 4 scrolls of amnesia
 m - a scroll of enchant weapon
 n - 2 scrolls of fog
 q - 4 scrolls of remove curse
 D - 2 scrolls of recharging
 H - a scroll of vulnerability {unknown}
Potions
 d - 2 potions of might
 j - 2 potions of agility
 p - 6 potions of curing
 t - 4 potions of heal wounds
 u - 3 potions of resistance
 z - a potion of lignification
 B - a potion of flight
 G - a potion of magic
 I - a potion of haste {unknown}
Books
 r - a book of Misfortune

   Spells                             Type                      Level
   a - Confusing Touch                Hexes                        1
   b - Confuse                        Hexes                        3
   c - Gell's Gravitas                Translocation                3
   d - Petrify                        Transmutation/Earth          4
   e - Metabolic Englaciation         Hexes/Ice                    5
   f - Yara's Violent Unravelling     Hexes/Transmutation          5
 A - a book of Necromancy

   Spells                             Type                      Level
   a - Pain                           Necromancy                   1
   b - Animate Skeleton               Necromancy                   1
   c - Vampiric Draining              Necromancy                   3
   d - Regeneration                   Charms/Necromancy            3
   e - Animate Dead                   Necromancy                   4
   f - Control Undead                 Necromancy                   4
Comestibles
 f - 7 bread rations
 l - 4 meat rations
 w - 17 fruits
 x - 4 royal jellies


   Skills:
 + Level 6.2 Fighting
 + Level 12.4 Staves
 - Level 3.2 Armour
 - Level 9.2 Shields
 + Level 5.7 Invocations


You had 10 spell levels left.
You didn't know any spells.

Dungeon Overview and Level Annotations

Branches:
Dungeon (10/15)            Temple (1/1) D:5
   Lair: D:8-11         Orc: D:9-12

Altars:
Ashenzari
Cheibriados
Dithmenos
Elyvilon
Fedhas
Gozag
Hepliaklqana
Kikubaaqudgha
Makhleb
Nemelex Xobeh
Okawaru
Qazlal
Ru
Sif Muna
Trog
Uskayaw
Vehumet
Wu Jian
Xom
Yredelemnul
Zin
The Shining One

Shops:
D:8 :   D:9 (

Annotations:
D:2 Robin, Sigmund
D:4 1 exclusion


Innate Abilities, Weirdness & Mutations

You cannot be hasted, slowed, berserked, paralysed or teleported.
You can dig through walls and to a lower floor.
Your four strong arms can wield two-handed weapons with a shield.
You have a pair of large antennae on your head. (SInv)


Message History

Unknown command.
The six-headed hydra bites you. The six-headed hydra barely misses you.
The six-headed hydra bites you but does no damage.
You block the six-headed hydra's attack.
The six-headed hydra bites you but does no damage.
The six-headed hydra bites you!
* * * LOW HITPOINT WARNING * * *
Unknown command.
You block the six-headed hydra's attack.
The six-headed hydra closely misses you.
The six-headed hydra bites you but does no damage. x2
You block the six-headed hydra's attack. x2
You block the six-headed hydra's attack. x2
The six-headed hydra bites you.
* * * LOW HITPOINT WARNING * * *
The six-headed hydra bites you!
* * * LOW HITPOINT WARNING * * *
The six-headed hydra bites you but does no damage.
The six-headed hydra bites you!
You die...

#### #>.<###
#...#.###
#...#...###
#...#.....###
#...#.......###{
+...(..CD@...<#
#...#.......###
#...#.....###
#...#...###
#.C.#.###
#>.<### ####


You could see a six-headed hydra and a cyclops.

Vanquished Creatures
  2 two-headed ogres
  A troll (D:9)
  2 hippogriffs
  A wraith (D:7)
  A water moccasin (D:8)
  A porcupine (D:10)
  An orc warrior (D:7)
  2 phantoms
  An ice beast (D:9)
  A sky beast (D:7)
  2 ogres
  2 necrophages
  A centaur (D:6)
  A crocodile (D:9)
  6 bullfrogs
  A wyvern zombie (D:10)
  2 elf skeletons
  A wyvern skeleton (D:8)
  4 scorpions
  3 howler monkeys (D:7)
  3 centaur zombies (Ossuary)
  11 crimson imps
  2 bullfrog zombies
  A quasit (D:5)
  7 human zombies
  5 orc priests
  3 hounds
  8 orc wizards
  Natasha (twice) (D:2)
  3 human skeletons
  9 worker ants
  A hound skeleton (D:8)
  5 mummies
  7 adders
  A gnoll (D:4)
  A shadow imp (D:9)
  3 oozes
  3 adder skeletons
  2 adder zombies
  A worm (D:5)
  3 dart slugs
  3 leopard geckos
  27 orcs
  2 ball pythons
  3 giant cockroaches
  19 goblins
  14 hobgoblins
  12 jackals
  5 kobolds
  5 quokkas
  10 bats
  5 frilled lizards
  A goblin zombie (Ossuary)
  10 hobgoblin zombies (Ossuary)
  A jackal zombie (Ossuary)
  11 kobold zombies (Ossuary)
  A leopard gecko skeleton (D:5)
  An orc skeleton (D:4)
  8 orc zombies
  8 rats
  2 rat zombies (Ossuary)
265 creatures vanquished.

Notes
Turn   | Place    | Note
-------+----------+-------------------------------------------
     0 | D:1      | Zenonira the Formicid Fighter began the quest for the Orb.
     0 | D:1      | Reached XP level 1. HP: 18/18 MP: 1/1
     7 | D:1      | Noticed an octopode
    14 | D:1      | Noticed a minotaur
    15 | D:1      | Noticed an elf
   216 | D:1      | Reached XP level 2. HP: 16/24 MP: 2/2
   321 | D:1      | Reached skill level 3 in Staves
   457 | D:1      | Reached XP level 3. HP: 27/29 MP: 3/3
   619 | D:2      | Noticed Sigmund
   878 | D:2      | Noticed Natasha
   885 | D:2      | Killed Natasha
   885 | D:2      | Reached XP level 4. HP: 28/35 MP: 4/4
  1039 | D:2      | Noticed Natasha
  1047 | D:2      | Killed Natasha
  1047 | D:2      | Reached skill level 4 in Staves
  1047 | D:2      | Reached XP level 5. HP: 32/41 MP: 5/5
  1235 | D:2      | Noticed Robin
  1248 | D:2      | You fall through a shaft for 2 floors!
  1315 | D:4      | Reached skill level 5 in Shields
  1484 | D:4      | Reached XP level 6. HP: 45/47 MP: 6/6
  1519 | D:4      | Reached skill level 5 in Staves
  1521 | D:4      | Found a sand-covered staircase.
  1536 | Ossuary  | Entered an ossuary
  1684 | Ossuary  | Reached XP level 7. HP: 52/52 MP: 7/7
  2035 | D:4      | Reached skill level 6 in Staves
  2946 | D:3      | Found a radiant altar of Vehumet.
  2946 | D:3      | Found a shadowy altar of Dithmenos.
  3221 | D:4      | Reached XP level 8. HP: 58/58 MP: 8/8
  3538 | D:5      | Entered Level 5 of the Dungeon
  3938 | D:5      | Reached skill level 7 in Staves
  3988 | D:5      | Found a staircase to the Ecumenical Temple.
  3996 | Temple   | Entered the Ecumenical Temple
  4096 | Temple   | Became a worshipper of Cheibriados the Contemplative
  4765 | D:6      | Reached * piety under Cheibriados
  4765 | D:6      | Reached XP level 9. HP: 64/64 MP: 9/9
  4911 | D:6      | Reached skill level 8 in Staves
  5081 | D:6      | Found a shattered altar of Ashenzari.
  5428 | D:7      | Reached skill level 9 in Staves
  5526 | D:7      | Found a sacrificial altar of Ru.
  5735 | D:7      | Reached ** piety under Cheibriados
  5747 | D:7      | Reached skill level 10 in Staves
  6002 | D:7      | Found a deep blue altar of Sif Muna.
  6283 | D:7      | Reached XP level 10. HP: 68/70 MP: 10/10
  6293 | D:7      | Reached skill level 11 in Staves
  6300 | D:7      | Found a basalt altar of Yredelemnul.
  6816 | D:8      | Reached skill level 1 in Invocations
  6821 | D:8      | Noticed a two-headed ogre
  6833 | D:8      | Killed a two-headed ogre
  7227 | D:8      | Reached *** piety under Cheibriados
  7427 | D:8      | Reached skill level 12 in Staves
  7625 | D:8      | Reached skill level 5 in Fighting
  7733 | D:8      | Found Porumenoep's Book Shop.
  7899 | D:9      | Found a burning altar of Makhleb.
  7903 | D:9      | Noticed a green death
  7904 | D:9      | Found a glowing silver altar of Zin.
  7904 | D:9      | Noticed an angel
  8499 | D:9      | Found Voet's Antique Weapon Shop.
  8673 | D:9      | Reached **** piety under Cheibriados
  8680 | D:10     | Entered Level 10 of the Dungeon
  8680 | D:10     | Noticed a two-headed ogre
  8695 | D:10     | Killed a two-headed ogre
  8695 | D:10     | Reached skill level 5 in Invocations
  8695 | D:10     | Reached XP level 11. HP: 45/81 MP: 8/15
  8870 | D:10     | Noticed a six-headed hydra
  8870 | D:10     | Noticed a cyclops
  8877 | D:10     | Slain by a six-headed hydra

Vault maps used:
D:1:      shiori_arrival_whats_in_store_for_you
D:2:      kennysheep_the_goblin_king, first_bread, uniq_robin, uniq_natasha,
          uniq_sigmund
D:3:      gammafunk_temple_overflow_elements, roderic_lattice_a
D:4:      nicolae_ossuary_entry_catacombs, uniq_crazy_yiuf_cottage
D:5:      minmay_temple_entry_junction_2
D:6:      ashenzari_altar_1
D:7:      lemuel_mausoleum_altar_yredelemnul, led_sif_book,
          nicolae_ru_great_annihilating_truth
D:8:      serial_shops, kennysheep_mini_moat
D:9:      grunt_temple_overflow_order_and_chaos_2, serial_shops,
          nicolae_shop_trees
D:10:     minmay_diamond_stairs, grunt_lair_entry_orc_guard_hut, david_orc_2,
          uniq_fannar, uniq_harold
Temple:   zaba_magenta_temple
Ossuary:  ossuary_tomb_1

Skill      XL: |  1  2  3  4  5  6  7  8  9 10 |
---------------+-------------------------------+-----
Staves         | 3 4 5 6 7 10 12 | 12.4
Shields        | 4 5 6 7 9 |  9.2
Invocations    | 5 |  5.7
Fighting       | 6 |  6.2
Armour         | |  3.2

Action                   |  1- 3 |  4- 6 |  7- 9 | 10-12 || total
-------------------------+-------+-------+-------+-------++-------
Melee: Quarterstaff      |    77 |   173 |   621 |   226 ||  1097
Invok: Slouch            |       |       |       |     1 ||     1
 Abil: Dig               |     1 |       |     3 |     1 ||     5
       Shaft Self        |       |     1 |       |       ||     1
Evoke: Wand              |       |       |       |     4 ||     4
  Use: Scroll            |       |       |    13 |     4 ||    17
       Potion            |       |       |     1 |       ||     1
 Stab: Paralysed         |       |       |     1 |       ||     1
  Eat: Chunk             |       |     2 |    10 |     4 ||    16
       Bread ration      |       |       |     1 |       ||     1
Armor: Chain mail        |    39 |    76 |   213 |    66 ||   394
       Scale mail        |     5 |       |       |       ||     5
       Skin              |       |       |     1 |       ||     1
Dodge: Dodged            |    23 |    39 |   116 |    41 ||   219
Block: Shield            |    43 |    83 |   284 |   127 ||   537
